 Dungeon Crawl Stone Soup version 0.18-a0-5-gf1fb587 (webtiles) character file.

7305 radek the Infuser (level 10, -8/58 HPs)
             Began as a Deep Elf Conjurer on Oct 31, 2015.
             Was an Elder of Vehumet.
             Mangled by an unseen horror (11 damage)
             ... on level 10 of the Dungeon.
             The game lasted 01:02:43 (12793 turns).

radek the Infuser (Deep Elf Conjurer)              Turns: 12793, Time: 01:02:43

Health: -8/58      AC: 15    Str:  6    XL:     10   Next: 90%
Magic:  2/23       EV: 18    Int: 23    God:    Vehumet [****..]
Gold:   595        SH:  0    Dex: 17    Spells: 4 memorised, 14 levels left

rFire  . . .     SeeInvis .     I - +2 short sword (protect)
rCold  . . .     Clarity  .     H - +3 leather armour {MR+}
rNeg   . . .     SustAt   .     (no shield)
rPois  .         Gourm    .     V - +0 helmet
rElec  .         Spirit   .     (no cloak)
rCorr  .         Warding  .     y - +0 pair of gloves
rMut   .         Stasis   .     d - +1 pair of boots {run}
MR     ++...                    (no amulet)
Stlth  ++........               k - +2 ring of dexterity
                                e - +2 ring of evasion

@: regenerating, quick, very resistant to hostile enchantments, unstealthy
A: no striking features
a: Renounce Religion


You were on level 10 of the Dungeon.
You worshipped Vehumet.
Vehumet was greatly pleased with you.
You were not hungry.

You visited 2 branches of the dungeon, and saw 11 of its levels.
You also visited: Bailey.

You collected 595 gold pieces.

Inventory:

Hand Weapons
 t - a +3 great sword
 I - a +2 short sword of protection (weapon)
Armour
 d - a +1 pair of boots of running (worn)
 y - a +0 pair of gloves (worn)
 H - a +3 leather armour of magic resistance (worn)
 V - a +0 helmet (worn)
 X - a +1 robe of fire resistance
Jewellery
 e - a +2 ring of evasion (left hand)
 k - a +2 ring of dexterity (right hand)
Wands
 a - a wand of draining (10)
 l - a wand of disintegration (7)
 D - a wand of draining (2)
 N - a wand of random effects (28)
 U - a wand of cold (9)
Scrolls
 h - 2 scrolls of amnesia
 j - 3 scrolls of remove curse
 m - 3 scrolls of random uselessness
 n - 6 scrolls of identify
 r - a scroll of enchant armour
 w - 2 scrolls of blinking {unknown}
 E - a scroll of recharging
 G - a scroll of teleportation
 L - a scroll of fog
Potions
 f - a potion of beneficial mutation {unknown}
 i - 3 potions of curing {unknown}
 o - 5 potions of lignification {unknown}
 p - 2 potions of resistance {unknown}
 q - 4 potions of might {unknown}
 s - a potion of ambrosia {unknown}
 u - 2 potions of cure mutation {unknown}
 v - a potion of invisibility {unknown}
 x - 2 potions of cancellation {unknown}
 z - 4 potions of agility
 A - 2 potions of degeneration {unknown}
 F - 2 potions of heal wounds {unknown}
 K - a potion of berserk rage {unknown}
 T - a potion of haste {unknown}
 Y - a potion of poison {unknown}
Books
 b - a book of Conjurations

   Spells                             Type                      Level
   a - Magic Dart                     Conjuration                  1
   b - Searing Ray                    Conjuration                  2
   c - Dazzling Spray                 Conjuration/Hexes            3
   d - Fulminant Prism                Conjuration/Hexes            4
   e - Iskenderun's Mystic Blast      Conjuration                  4
   f - Iskenderun's Battlesphere      Conjuration/Charms           5
 B - a book of Air

   Spells                             Type                      Level
   a - Shock                          Conjuration/Air              1
   b - Swiftness                      Charms/Air                   2
   c - Repel Missiles                 Charms/Air                   2
   d - Static Discharge               Conjuration/Air              3
   e - Lightning Bolt                 Conjuration/Air              5
 C - a book of Necromancy

   Spells                             Type                      Level
   a - Pain                           Necromancy                   1
   b - Animate Skeleton               Necromancy                   1
   c - Vampiric Draining              Necromancy                   3
   d - Regeneration                   Charms/Necromancy            3
   e - Animate Dead                   Necromancy                   4
   f - Control Undead                 Necromancy                   4
 J - a Grand Grimoire

   Spells                             Type                      Level
   a - Monstrous Menagerie            Summoning                    6
   b - Summon Greater Demon           Summoning                    7
   c - Malign Gateway                 Summoning/Translocation      7
   d - Summon Horrible Things         Summoning                    8
 O - a Young Poisoner's Handbook

   Spells                             Type                      Level
   a - Sting                          Conjuration/Poison           1
   b - Cure Poison                    Poison                       2
   c - Mephitic Cloud                 Conjuration/Poison/Air       3
   d - Olgreb's Toxic Radiance        Poison                       4
   e - Venom Bolt                     Conjuration/Poison           5
 Z - a book of the Earth

   Spells                             Type                      Level
   a - Leda's Liquefaction            Hexes/Earth                  4
   b - Bolt of Magma                  Conjuration/Fire/Earth       5
   c - Statue Form                    Transmutation/Earth          6
   d - Iron Shot                      Conjuration/Earth            6
   e - Shatter                        Earth                        9
Comestibles
 c - 8 bread rations
 M - 19 fruits
 P - a royal jelly


   Skills:
 + Level 4.6 Fighting
 + Level 2.1 Armour
 + Level 7.0 Dodging
 - Level 2.4 Stealth
 + Level 7.7 Spellcasting
 + Level 7.9 Conjurations
 + Level 12.4 Charms
 * Level 8.7 Fire Magic


You had 14 spell levels left.
You knew the following spells:

 Your Spells              Type           Power        Failure   Level  Hunger
a - Magic Dart            Conj           ####         1%          1    None
b - Iskenderun's Battles  Conj/Chrm      ######..     1%          5    #####..
c - Flame Tongue          Conj/Fire      #####        1%          1    None
d - Regeneration          Chrm/Necr      #####.....   2%          3    None


Dungeon Overview and Level Annotations

Branches:
Dungeon (10/15)            Temple (1/1) D:7            Lair (0/8) D:9
    Orc: D:9-12

Altars:
Ashenzari
Cheibriados
Dithmenos
Elyvilon
Fedhas
Gozag
Kikubaaqudgha
Makhleb
Nemelex Xobeh
Okawaru
Qazlal
Ru
Sif Muna
Trog
Vehumet
Xom
Yredelemnul
Zin
The Shining One

Shops:
D:6 }[**   D:9 (

Annotations:
D:3 1 exclusion, Sigmund


Message History

Something hits you but does no damage. Something hits you!
* * * LOW HITPOINT WARNING * * *
Something hits you but does no damage. Something hits you but does no damage.
Something hits you!
* * * LOW HITPOINT WARNING * * *
Something hits you but does no damage.
You barely miss something. Something hits you but does no damage.
Something hits you but does no damage.
Casting: Magic Dart
Confirm with . or Enter, or press ? or * to list all spells.
Aiming: Magic Dart
Press: ? - help, Shift-Dir - straight line The magic dart hits something.
Something hits you.
* * * LOW HITPOINT WARNING * * *
Casting: Magic Dart
Confirm with . or Enter, or press ? or * to list all spells.
Your skin crawls.
Something hits you!
You die...

...#........#.....#...........
...#........#.....'...........
####....†...####'####'######+###
.....#+###.....................#
.....#...#.....................#
.....#...#.....................#
.>...#...#.....................#
.....#...#.....................#
.....###'#......@..............#
..............###########....(.#
..............'....# #......##
..............#....# #........
..............#....# #........
..............#....# +........
..............##...# #........
###########†######## #........
...................# ########.


There were no monsters in sight!

Vanquished Creatures
  Erica (D:8)
  Joseph (D:7)
  The ghost of tp1 the Thaumaturge, a novice DEWz of Vehumet (D:7)
  Grinder (D:5)
  A deep elf mage (D:9)
  2 yaks (D:9)
  A deep elf fighter (D:9)
  A hungry ghost (D:6)
  A wyvern (D:9)
  2 hippogriffs
  A water moccasin (D:8)
  3 orc warriors
  3 sky beasts
  2 black bears (D:6)
  2 necrophages
  6 ice beasts
  5 ogres
  A centaur (D:5)
  3 phantoms
  A big kobold (D:8)
  Blork the orc (D:4)
  The ghost of Conn321 the Conjurer, an amateur SpCj (D:3)
  2 giant frogs
  5 killer bees (D:10)
  3 scorpions
  A water moccasin skeleton (D:10)
  5 wights (D:6)
  3 quasits
  A centaur zombie (D:10)
  4 hounds
  4 crimson imps
  A jelly (D:5)
  4 orc priests
  A giant frog skeleton (D:9)
  9 orc wizards
  An iguana (D:9)
  7 worker ants
  A killer bee zombie (D:9)
  6 gnolls
  10 adders
  2 river rats (D:9)
  2 shadow imps
  3 adder zombies
  4 worms
  8 giant geckos
  35 orcs
  2 ball pythons
  8 giant cockroaches
  11 hobgoblins
  16 jackals
  13 kobolds
  15 bats
  7 giant newts
  6 goblins
  4 quokkas
  12 rats
257 creatures vanquished.

Vanquished Creatures (others)
  4 plants (D:6)
4 creatures vanquished.

Grand Total: 261 creatures vanquished

Notes
Turn   | Place    | Note
--------------------------------------------------------------
     0 | D:1      | radek the Deep Elf Conjurer began the quest for the Orb.
     0 | D:1      | Reached XP level 1. HP: 10/10 MP: 6/6
    17 | D:1      | Identified a +0 pair of boots of running (You found it on level 1 of the Dungeon)
   427 | D:1      | Reached XP level 2. HP: 15/15 MP: 2/8
   500 | D:1      | Reached skill level 5 in Conjurations
   641 | D:1      | Found an iron altar of Okawaru.
  1208 | D:2      | Reached XP level 3. HP: 16/19 MP: 3/9
  2240 | D:3      | Reached skill level 6 in Conjurations
  2274 | D:3      | Reached XP level 4. HP: 13/24 MP: 0/10
  2518 | D:3      | Found a blossoming altar of Fedhas.
  2541 | D:3      | Noticed Conn321's ghost (amateur SpCj)
  2548 | D:3      | HP: 1/24 [Conn321's ghost/magic dart (3)]
  2549 | D:3      | Killed Conn321's ghost
  2549 | D:3      | Reached skill level 7 in Conjurations
  2549 | D:3      | Reached XP level 5. HP: 1/28 MP: 2/11
  2850 | D:3      | Learned a level 5 spell: Iskenderun's Battlesphere
  2861 | D:3      | Reached skill level 1 in Charms
  2922 | D:3      | Found a radiant altar of Vehumet.
  2926 | D:3      | Became a worshipper of Vehumet
  2976 | D:3      | Noticed Sigmund
  3276 | D:4      | Noticed Blork the orc
  3342 | D:4      | Noticed an ogre
  3350 | D:4      | Killed an ogre
  3418 | D:4      | Reached XP level 6. HP: 32/32 MP: 5/12
  3539 | D:4      | Noticed a hippogriff
  3677 | D:4      | Killed Blork the orc
  3677 | D:4      | Reached skill level 5 in Charms
  4249 | D:4      | Reached skill level 8 in Charms
  4249 | D:4      | Reached XP level 7. HP: 36/36 MP: 4/13
  4412 | D:4      | Found a burning altar of Makhleb.
  4500 | D:4      | Found a glowing silver altar of Zin.
  4692 | D:4      | Reached skill level 9 in Charms
  4802 | D:4      | Killed a hippogriff
  4903 | D:5      | Entered Level 5 of the Dungeon
  4910 | D:5      | Reached skill level 10 in Charms
  5002 | D:5      | Reached * piety under Vehumet
  5002 | D:5      | Offered knowledge of Flame Tongue by Vehumet.
  5140 | D:5      | Noticed Grinder
  5146 | D:5      | Paralysed by Grinder for 5 turns
  5264 | D:5      | Paralysed by Grinder for 7 turns
  5273 | D:5      | Killed Grinder
  5273 | D:5      | Reached skill level 11 in Charms
  5273 | D:5      | Reached XP level 8. HP: 6/41 MP: 3/14
  5541 | D:5      | Learned a level 1 spell: Flame Tongue
  5556 | D:5      | Reached skill level 1 in Fire Magic
  5587 | D:5      | Reached skill level 1 in Fighting
  6247 | D:6      | Reached ** piety under Vehumet
  6250 | D:6      | Offered knowledge of Sandblast by Vehumet.
  6538 | D:6      | Found Okejav's Elemental Accessories.
  6584 | D:6      | Reached skill level 5 in Spellcasting
  6584 | D:6      | Reached XP level 9. HP: 36/48 MP: 2/18
  7222 | D:6      | Reached skill level 5 in Fire Magic
  7645 | D:6      | Found Megirhu's Assorted Antiques.
  7693 | D:6      | Found Kameawae's Antique Armour Boutique.
  7747 | D:6      | Found Cicirus's Gadget Emporium.
  8357 | D:7      | Noticed tp1's ghost (novice DEWz)
  8388 | D:7      | Offered knowledge of Throw Flame by Vehumet.
  8525 | D:7      | Found a deep blue altar of Sif Muna.
  8855 | D:7      | Reached skill level 5 in Dodging
  8898 | D:7      | Found a staircase to the Ecumenical Temple.
  8995 | D:7      | Killed tp1's ghost
  9588 | D:7      | Noticed Joseph
  9601 | D:7      | Killed Joseph
  9728 | Temple   | Entered the Ecumenical Temple
  9975 | D:8      | Reached *** piety under Vehumet
 10204 | D:8      | Offered knowledge of Airstrike by Vehumet.
 10331 | D:8      | Reached XP level 10. HP: 56/56 MP: 15/22
 10564 | D:8      | Found a shattered altar of Ashenzari.
 10636 | D:8      | Found an ancient bone altar of Kikubaaqudgha.
 10850 | D:8      | Noticed Erica
 10856 | D:8      | Killed Erica
 10856 | D:8      | Reached skill level 1 in Armour
 11175 | D:8      | Learned a level 3 spell: Regeneration
 11245 | D:9      | Reached skill level 12 in Charms
 11256 | D:9      | Found Geeherghate's Weapon Shoppe.
 11294 | D:9      | Reached **** piety under Vehumet
 11327 | D:9      | Found a flagged portal.
 11589 | D:9      | Offered knowledge of Bolt of Magma by Vehumet.
 11671 | Bailey   | Entered a bailey
 12026 | D:9      | Found a blossoming altar of Fedhas.
 12066 | D:9      | Found a staircase to the Lair.
 12183 | D:10     | Entered Level 10 of the Dungeon
 12792 | D:10     | HP: 2/58 [something (3)]
 12793 | D:10     | Mangled by an unseen horror

Vault maps used:
D:1:      dpeg_arrival_castle, okawaru_ov_weapons_minmay
D:2:      first_bread
D:3:      fedhas_altar_2, vehumet_crystals, uniq_sigmund, uniq_natasha
D:4:      makhleb_heckhound_becter, zin_academy, uniq_blork_the_orc
D:5:      kennysheep_opposing_triangles, uniq_grinder
D:6:      black_bear_nest_2, serial_shops, nicolae_shop_waterfront,
          kennysheep_little_box, nicolae_shop_overgrown_old_shop,
          nicolae_elemental_shop
D:7:      lemuel_blue_sif_altar, minmay_temple_entry_grid, uniq_joseph
D:8:      nicolae_ashenzari_panopticon, lemuel_coloured_pillars_altar,
          uniq_erica
D:9:      grunt_lair_entry_elf_guard_hut, serial_shops, shop_fountains,
          enter_bailey_2, hangedman_tree_tricks
Temple:   circular_temple_12
Bailey:   bailey_polearm_flooded_kennysheep, bailey

Action                   |  1- 3 |  4- 6 |  7- 9 | 10-12 || total
-------------------------+-------+-------+-------+-------++-------
Melee: Unarmed           |     8 |       |       |       ||     8
       Dagger            |    11 |       |       |       ||    11
       Hand axe          |       |     4 |     2 |       ||     6
       Short sword       |       |       |    23 |    28 ||    51
 Cast: Magic Dart        |   104 |   111 |   257 |   168 ||   640
       Iskenderun's Batt |       |     1 |    34 |    23 ||    58
       Flame Tongue      |       |       |     3 |     1 ||     4
       Regeneration      |       |       |       |     9 ||     9
  Use: Scroll            |       |       |    14 |     2 ||    16
  Eat: Chunk             |     2 |     6 |    16 |     5 ||    29
       Beef jerky        |     1 |       |       |       ||     1
       Meat ration       |       |       |     2 |     1 ||     3
       Pizza             |       |       |     1 |     1 ||     2
       Royal jelly       |       |       |       |     1 ||     1
